 Dungeon Crawl Stone Soup version 0.28-b1-70-g80dc712255 (webtiles) character file.

Game seed: 9424573063187686369

77 cbfl8 the Sneak (level 4, -1/40 HPs)
             Began as a Minotaur Delver on Feb 3, 2022.
             Slain by an ogre (13 damage)
             ... on level 5 of the Dungeon.
             The game lasted 00:00:55 (242 turns).

cbfl8 the Sneak (Minotaur Delver)                    Turns: 242, Time: 00:00:56

Health: -1/40      AC: 12    Str: 18    XL:     4   Next: 13%
Magic:  3/3        EV:  5    Int: 11    God:
Gold:   17         SH:  0    Dex: 14    Spells: 3/3 levels left

rFire   . . .      SeeInvis .   a - +0 hand axe
rCold   . . .      Faith    .   (no shield)
rNeg    . . .      Spirit   .   j - +1 plate armour "Waiwon" {Int+4 Dex+2}
rPois   .          Reflect  .   (helmet restricted)
rElec   .          Harm     .   (no cloak)
rCorr   .          Rampage  .   h - +0 pair of gloves
Will    .....                   (no boots)
Stlth   ..........              (no amulet)
HPRegen 0.13/turn               (no ring)
MPRegen 0.08/turn               (no ring)

@: no status effects
A: horns 2, retaliatory headbutt
a: no special abilities


You were on level 5 of the Dungeon.
You visited 1 branch of the dungeon, and saw 2 of its levels.

You collected 17 gold pieces.

Inventory:

Hand Weapons
 a - a +0 hand axe (weapon)
Armour
 b - a +0 leather armour
 h - a +0 pair of gloves (worn)
 j - the +1 plate armour "Waiwon" (worn) {Int+4 Dex+2}
   (You found it on level 5 of the Dungeon)

   Int:       It affects your intelligence (+4).
   Dex:       It affects your dexterity (+2).
Wands
 g - a wand of digging (3)
Scrolls
 c - a scroll of fog
 d - a scroll of magic mapping
 e - a scroll of fear
Potions
 f - a potion of haste
 i - a potion of might {unknown}
 k - a potion of degeneration {unknown}


   Skills:
 + Level 4.1 Fighting
 + Level 2.8 Axes
 + Level 0.4 Armour
 + Level 2.3 Dodging
 + Level 5.1 Stealth


You had 3 spell levels left.
You didn't know any spells.
Your spell library was empty.

Dungeon Overview and Level Annotations

Branches:
Dungeon (5/15)
 Temple: D:4-7

Altars:


Innate Abilities, Weirdness & Mutations

You have a pair of horns on your head.
You reflexively headbutt those who attack you in melee.


Message History

The hound barely misses you. You furiously retaliate!
You headbutt the hound!
You kill the hound!
Your Stealth skill increases to level 5!
You have reached level 4!
You feel agile.
You see here a hound corpse.
An ogre and a phantom come into view.
The ogre shouts!
The phantom barely misses you.
You see here a hound corpse.
You hit the phantom.
You headbutt the phantom, but do no damage.
The phantom is moderately damaged.
The phantom hits you.
The phantom blinks!
You blink.
The ogre hits you with a +0 giant club! The ogre hits you with a +0 giant club!
You see here a hound corpse.
You hit the ogre but do no damage. You headbutt the ogre.
The ogre is lightly wounded.
You hit the phantom. The ogre hits you but does no damage.
The phantom hits you.
You hit the ogre but do no damage.
The ogre is lightly wounded.
You hit the phantom.
The phantom hits you but does no damage.
The ogre hits you with a +0 giant club.
* * * LOW HITPOINT WARNING * * *
You hit the ogre.
The ogre is lightly wounded.
You hit the phantom.
The phantom hits you but does no damage.
The ogre barely misses you.
You barely miss the ogre.
The ogre is lightly wounded.
You hit the phantom but do no damage.
The phantom hits you but does no damage.
You hit the ogre. You headbutt the ogre!
The ogre is almost dead.
You hit the phantom but do no damage. The ogre hits you with a +0 giant club!
You die...

##'.......# # ####
#≈≈≈≈####....# # ....
#...≈#..#....# # #...
#...≈##.#....# # . #...
#...≈#..'....# #
..#...##...≈#..#....# .#
.......+#####..####.....
.. ............#W.#
..... ..
............O@.# #####
.. #..........##.#...# #
#..........##.#...... #
...........##.#...... ..
........#.#....#+#... ..
##.####.#.#.#.. ... #.
#. ......#.## ## . #
...#.#.... #.. # #... #


You could see a phantom and an ogre.

Vanquished Creatures
  2 hounds (D:5)
  2 adders (D:5)
4 creatures vanquished.

Notes
Turn   | Place    | Note
-------+----------+-------------------------------------------
     0 | D:5      | cbfl8 the Minotaur Delver began the quest for the Orb.
     0 | D:5      | Reached XP level 1. HP: 19/19 MP: 0/0
    76 | D:5      | Noticed a hound
    83 | D:5      | Killed a hound
    84 | D:5      | Reached XP level 2. HP: 24/27 MP: 1/1
   151 | D:5      | Reached XP level 3. HP: 24/33 MP: 2/2
   178 | D:5      | Identified the +1 plate armour "Waiwon" {Int+4 Dex+2}
   221 | D:5      | Reached skill level 5 in Stealth
   221 | D:5      | Reached XP level 4. HP: 38/40 MP: 3/3
   225 | D:5      | Noticed an ogre
   225 | D:5      | Noticed a phantom
   242 | D:5      | Slain by an ogre

Illustrated notes

Levels and vault maps discovered:
D:4:      layout_rooms, minmay_temple_entry_wispy
D:5:      layout_basic, serial_rivers, chequers_serial_rivers_room_a,
          chequers_serial_rivers_room_a, chequers_serial_rivers_micro_b,
          chequers_serial_rivers_micro_a

Skill      XL: |  1  2  3 |
---------------+----------+-----
Fighting       | 4 |  4.1
Stealth        | 5 |  5.1
Axes           | |  2.8
Armour         | |  0.4
Dodging        | |  2.3

Action                   |  1- 3 |  4- 6 || total
-------------------------+-------+-------++-------
Melee: Hand axe          |    10 |     6 ||    16
       Headbutt          |     6 |     3 ||     9
Armor: Leather armour    |     4 |       ||     4
       Plate armour      |     3 |     4 ||     7
Dodge: Dodged            |     7 |     2 ||     9
